 Dungeon Crawl Stone Soup version 0.27-a0-1181-g5f64966fcc (webtiles) character file.

Game seed: 13030728593743347968

30043 voltaire321 the Thaumaturge (level 13, -12/76 HPs)
             Began as a Deep Elf Air Elementalist on May 17, 2021.
             Was a High Priest of Sif Muna.
             Mangled by a dire elephant simulacrum (19 damage)
             ... animated by a necromancer
             ... on level 6 of the Lair of Beasts.
             The game lasted 01:55:33 (26672 turns).

voltaire321 the Thaumaturge (DEAE)                 Turns: 26672, Time: 01:55:34

Health: -12/76     AC: 16    Str:  7    XL:     13   Next: 18%
Magic:  13/30      EV: 17    Int: 24    God:    Sif Muna [*****.]
Gold:   1204       SH: 10    Dex: 15    Spells: 7/35 levels left

rFire    + . .     SeeInvis .   v - +8 whip "Snakebite" {curare, rPois}
rCold    . . .     Faith    .   y - +0 buckler
rNeg     . . .     Spirit   .   C - +0 steam dragon scales
rPois    +         Reflect  +   g - +0 helmet
rElec    .         Harm     .   i - +1 cloak
rCorr    .         Rampage  .   A - +2 pair of gloves
Will     +....                  (no boots)
Stlth    ++........             x - amulet of reflection
HPRegen  0.22/turn              j - ring of protection from fire
MPRegen  0.22/turn              b - +4 ring of protection

@: no status effects
A: no striking features
a: Renounce Religion, Channel Magic, Forget Spell, Divine Exegesis


You were on level 6 of the Lair of Beasts.
You worshipped Sif Muna.
Sif Muna was extremely pleased with you.
You visited 3 branches of the dungeon, and saw 16 of its levels.
You also visited: Ossuary and Ice Cave.

You collected 1204 gold pieces.

Inventory:

Hand Weapons
 r - the +4 rapier "Mibupt" {flame, rN+ Str+5 Dex+4}
   (You took it off an orc on level 5 of the Dungeon)

   It has been specially enchanted to burn those struck by it, causing extra
   injury to most foes and up to half again as much damage against particularly
   susceptible opponents.
   It affects your strength (+5).
   It affects your dexterity (+4).
   It protects you from negative energy.
 v - the +8 whip "Snakebite" (weapon) {curare, rPois}
   (You found it on level 2 of the Lair of Beasts)

   It poisons the flesh of those it strikes.
   It protects you from poison.
 D - the +8 spear "Rishreg" {vorpal, rC+ Stlth+}
   (You took it off an orc priest on level 9 of the Dungeon)

   It inflicts extra damage upon your enemies.
   It protects you from cold.
   It makes you more stealthy.
 R - the +11 falchion of Honour {vamp, rF+ SInv Stlth+}
   (You found it on level 5 of the Lair of Beasts)

   It inflicts no extra harm, but heals its wielder when it wounds a living foe.
   It protects you from fire.
   It lets you see invisible.
   It makes you more stealthy.
Armour
 g - a +0 helmet (worn)
 h - a +0 kite shield
 i - a +1 cloak (worn)
 y - a +0 buckler (worn)
 A - a +2 pair of gloves (worn)
 C - +0 steam dragon scales (worn)
 M - a +1 robe of cold resistance
Jewellery
 b - a +4 ring of protection (right hand)
 j - a ring of protection from fire (left hand)
 x - an amulet of reflection (around neck)
 B - a ring of positive energy
 H - a ring of resist corrosion
 K - a +4 ring of protection
Wands
 c - a wand of iceblast (25)
 t - a wand of charming (7)
 E - a wand of digging (1)
 I - a wand of polymorph (11)
 O - a wand of acid (4)
 P - a wand of flame (21)
Scrolls
 a - 3 scrolls of magic mapping
 k - 2 scrolls of identify
 n - a scroll of acquirement
 q - 10 scrolls of teleportation
 w - 2 scrolls of blinking
 z - 3 scrolls of enchant weapon
 F - 4 scrolls of fear
 N - 2 scrolls of fog
 Q - a scroll of amnesia
Potions
 d - 2 potions of resistance
 e - 4 potions of magic
 f - 4 potions of curing
 l - 3 potions of brilliance
 o - 5 potions of heal wounds
 p - 4 potions of lignification
 s - a potion of flight
 u - 2 potions of haste
 J - a potion of invisibility


   Skills:
 + Level 7.4 Fighting
 - Level 5.0 Armour
 + Level 10.8 Dodging
 - Level 2.4 Stealth
 - Level 4.0 Shields
 + Level 11.7 Spellcasting
 + Level 3.7 Conjurations
 + Level 9.5 Summonings
 + Level 3.0 Ice Magic
 + Level 9.4 Air Magic
 + Level 7.8 Invocations


You had 7 spell levels left.
You knew the following spells:

 Your Spells              Type           Power      Damage    Failure   Level
a - Shock                 Conj/Air       100%       1d9       1%          1
b - Static Discharge      Conj/Air       45%        N/A       1%          2
c - Call Imp              Summ           56%        N/A       1%          2
d - Call Canine Familiar  Summ           56%        N/A       1%          3
e - Airstrike             Air            28%        N/A       1%          4
f - Summon Lightning Spi  Summ/Air       56%        N/A       1%          4
g - Swiftness             Air            56%        N/A       1%          3
h - Lightning Bolt        Conj/Air       22%        1d38      9%          5
i - Summon Ice Beast      Ice/Summ       44%        N/A       3%          4

Your spell library contained the following spells:

 Spells                   Type           Power      Damage    Failure   Level
 Summon Small Mammal      Summ           100%       N/A       1%          1
 Summon Guardian Golem    Hex/Summ       36%        N/A       1%          3
 Animate Skeleton         Necr           28%        N/A       4%          1
 Beastly Appendage        Tmut           28%        N/A       4%          1
 Pain                     Necr           56%        1d6       4%          1
 Passwall                 Tmut/Erth      11%        N/A       7%          2
 Wereblood                Tmut           14%        N/A       7%          2
 Spider Form              Tmut/Pois      7%         N/A       13%         3
 Vampiric Draining        Necr           7%         2d7       13%         3
 Ice Form                 Ice/Tmut       21%        N/A       24%         4
 Animate Dead             Necr           7%         N/A       41%         4
 Passage of Golubria      Tloc           N/A        N/A       41%         4
 Monstrous Menagerie      Summ           28%        N/A       58%         7
 Agony                    Necr           14%        N/A       77%         5
 Hydra Form               Tmut           7%         N/A       77%         5
 Lee's Rapid Deconstruct  Erth           7%         3d7*      77%         5
 Haunt                    Necr/Summ      18%        N/A       99%         7
 Malign Gateway           Summ/Tloc      18%        N/A       99%         7
 Invisibility             Hex            14%        N/A       100%        6
 Summon Horrible Things   Summ           28%        N/A       99%         8


Dungeon Overview and Level Annotations

Branches:
Dungeon (9/15)             Temple (1/1) D:7            Lair (6/6) D:9
  Swamp (0/4) Lair:2        Snake (0/4) Lair:3        Slime (0/5) Lair:6
    Orc (0/2) D:9         Ossuary (visited)           IceCv (visited)

Altars:
Ashenzari
Cheibriados
Elyvilon
Fedhas
Gozag
Hepliaklqana
Kikubaaqudgha
Makhleb
Nemelex Xobeh
Okawaru
Qazlal
Ru
Sif Muna
Trog
Uskayaw
Vehumet
Wu Jian
Xom
Yredelemnul
Zin
The Shining One
Jiyva

Shops:
D:2 *

Annotations:
Lair:3 exclusion: oklob plant
Lair:6 exclusion: obsidian statue


Message History

The dire elephant tramples your lightning spire but does no damage.
The dire elephant trunk-slaps your lightning spire.
Your warg bites the dire elephant!
Your lightning spire shoots out a bolt of lightning at the dire elephant!
The bolt of electricity hits the dire elephant! x2
The bolt of electricity hits your lightning spire.
Your lightning spire completely resists.
Your warg bites the dire elephant!
The necromancer hits your lightning spire but does no damage.
Your ice beast barely misses the necromancer.
The dire elephant tramples your warg!
Your warg holds its ground!
The dire elephant trunk-slaps your warg.
Your warg bites the dire elephant!
The dire elephant dies!
Sif Muna accepts your kill.
A freezing mist starts to gather...
Your lightning spire shoots out a bolt of lightning at the necromancer!
The bolt of electricity hits the necromancer! x2
The necromancer dies!
Sif Muna accepts your kill.
The bolt of electricity hits your lightning spire.
Your lightning spire completely resists.
Your Ice Magic skill increases to level 3!
A dire elephant simulacrum comes into view.
You hit the dire elephant simulacrum but do no damage.
Your warg bites the dire elephant simulacrum but does no damage.
Your warg bites the dire elephant simulacrum.
You hit the dire elephant simulacrum.
The dire elephant simulacrum is lightly damaged.
Your warg bites the dire elephant simulacrum.
The dire elephant simulacrum tramples you!
The dire elephant simulacrum freezes you!!
* * * LOW HITPOINT WARNING * * *
The dire elephant simulacrum trunk-slaps you but does no damage.
You swap places.
Your warg bites the dire elephant simulacrum.
The dire elephant simulacrum tramples you!
* * * LOW HITPOINT WARNING * * *
The dire elephant simulacrum freezes you!!
You die...

.........................##♣###..
........................## #...
''########♣P.....P♣♣##### ###.
.........###P..P♣######## ##.
⌠.8#####...##♣♣♣##.....8# #..
P8## ###.#### #......# ##. ###
#....####.....8# ## ..8# ≈
####..Zh#'###### ...'≈
≈.#8.####@#.# ...'≈≈
..'...$.#Y8.# ♣ ..8##≈
#8.p..#..8# 4♣ #Y§#''### ♣♣8♣
#..#..#.##..♣ #..........♣
###........♣ ####.#.♣♣♣ #####


You could see a dire elephant simulacrum (ally target), a friendly warg
(summoned), a friendly ice beast (summoned) and a friendly lightning spire
(summoned).

Vanquished Creatures
  A hydra (Lair:4)
  2 necromancers (Lair:6)
  4 elephants (Lair:6)
  2 black mambas
  2 cane toads
  9 komodo dragons
  A polar bear (Lair:2)
  5 blink frogs
  A wyvern (Lair:5)
  10 yaks
  3 steam dragons
  A warg (D:9)
  A swamp worm (Lair:2)
  7 water moccasins
  3 sky beasts
  2 ice beasts (IceCv)
  An orc warrior (D:9)
  A black bear (D:5)
  5 wolves
  2 necrophages (D:4)
  An ogre (D:4)
  2 centaurs
  4 bullfrogs
  6 scorpions (Ossuary)
  A water moccasin zombie (D:7)
  A wight (D:4)
  A vampire bat (D:7)
  4 howler monkeys
  A bullfrog zombie (D:5)
  3 centaur zombies
  4 hounds
  A human zombie (Ossuary)
  3 jellies
  6 orc priests
  A centaur skeleton (D:7)
  Jessica (D:2)
  A hell rat (Lair:4)
  3 orc wizards
  3 scorpion zombies
  2 killer bee zombies
  A hound zombie (D:4)
  A hound skeleton (D:4)
  3 mummies
  A howler monkey zombie (D:9)
  Robin (D:3)
  A gnoll (D:4)
  3 adders
  A shadow imp (D:7)
  A white imp (D:5)
  An ufetubus (D:7)
  An adder skeleton (D:4)
  2 adder zombies (D:4)
  3 worms
  A dart slug (D:1)
  19 orcs
  4 ball pythons
  5 bats
  3 bat skeletons (D:7)
  2 bat zombies (D:7)
  3 endoplasms
  4 giant cockroaches
  16 goblins
  12 hobgoblins
  19 jackals
  6 kobolds
  4 quokkas
  3 frilled lizards
  2 gnoll zombies (Ossuary)
  4 hobgoblin zombies (Ossuary)
  An orc zombie (Ossuary)
  7 rats
  2 rat zombies (D:5)
249 creatures vanquished.

Vanquished Creatures (collateral kills)
  A dire elephant (Lair:6)
  Fannar (Lair:2)
  A boulder beetle (Lair:3)
  6 hydras
  6 death yaks
  A two-headed ogre (D:8)
  A spectral dire elephant (Lair:6)
  A spectral anaconda (Lair:6)
  2 necromancers (Lair:6)
  An ugly thing (IceCv)
  3 oklob plants (Lair:1)
  5 elephants (Lair:6)
  3 black mambas
  A dire elephant zombie (Lair:6)
  A torpor snail (Lair:2)
  7 cane toads
  A dire elephant skeleton (Lair:6)
  3 komodo dragons
  3 rime drakes
  A polar bear (Lair:6)
  A tyrant leech (Lair:2)
  4 blink frogs
  A spectral elephant (Lair:6)
  A shadow (D:9)
  A dire elephant simulacrum (Lair:6)
  A wyvern (Lair:2)
  A basilisk (Lair:2)
  27 yaks
  A steam dragon (Lair:2)
  An acid dragon (D:6)
  A spectral cane toad (Lair:6)
  2 nagas (Lair:3)
  A swamp worm (Lair:2)
  14 water moccasins
  3 orc warriors
  5 ice beasts
  A hornet zombie (D:4)
  2 elephant zombies (Lair:6)
  4 wolves (Lair:4)
  2 ogres
  5 bullfrogs
  4 scorpions (Ossuary)
  A cane toad simulacrum (Lair:6)
  An electric eel (Lair:3)
  2 howler monkeys
  A wight (D:4)
  A centaur zombie (D:8)
  2 human zombies
  A bullfrog skeleton (D:6)
  A jelly (D:7)
  2 orc priests
  Crazy Yiuf (D:2)
  3 hounds
  An iguana (Lair:2)
  A gnoll shaman (D:4)
  5 orc wizards
  A scorpion zombie (Ossuary)
  4 hell rats
  A mummy (Ossuary)
  A howler monkey zombie (D:7)
  2 gnolls (D:4)
  2 adders
  A white imp (D:7)
  An adder zombie (D:4)
  13 orcs
  A jackal (D:4)
  2 hobgoblin zombies (Ossuary)
  A kobold zombie (Ossuary)
  A rat (D:9)
186 creatures vanquished.

Vanquished Creatures (others)
  2 orc wizards (D:9)
  24 fungi
  30 plants
  22 withered plants (Lair:6)
78 creatures vanquished.

Grand Total: 513 creatures vanquished

Notes
Turn   | Place    | Note
-------+----------+-------------------------------------------
     0 | D:1      | voltaire321 the Deep Elf Air Elementalist began the quest
                  | for the Orb.
     0 | D:1      | Reached XP level 1. HP: 10/10 MP: 6/6
   104 | D:1      | Found a faded altar of an unknown god.
   169 | D:1      | Reached XP level 2. HP: 13/15 MP: 5/8
   259 | D:1      | Learned a level 2 spell: Static Discharge
   964 | D:2      | Reached XP level 3. HP: 20/20 MP: 2/9
  1046 | D:2      | Learned a level 2 spell: Call Imp
  1481 | D:2      | Noticed Jessica
  1484 | D:2      | Killed Jessica
  1485 | D:2      | Reached XP level 4. HP: 24/24 MP: 6/11
  1612 | D:2      | Reached skill level 1 in Armour
  1783 | D:2      | Found Qonazaa's General Store.
  1939 | D:2      | Reached skill level 1 in Summonings
  2343 | D:2      | Found a runed translucent door.
  2344 | D:2      | Noticed Crazy Yiuf
  2378 | D:2      | HP: 1/24 [Crazy Yiuf/+4 quarterstaff of chaos (1)]
  2378 | D:2      | Killed Crazy Yiuf
  2379 | D:2      | Reached skill level 1 in Fighting
  2948 | D:3      | Noticed Robin
  2960 | D:3      | Reached skill level 4 in Spellcasting
  2960 | D:3      | Killed Robin
  3048 | D:3      | Found a blossoming altar of Fedhas.
  3183 | D:3      | Found a glowing silver altar of Zin.
  3230 | D:3      | Reached XP level 5. HP: 29/29 MP: 11/13
  3453 | D:4      | Noticed an ogre
  3705 | D:4      | Noticed an ogre
  3742 | D:3      | Learned a level 3 spell: Call Canine Familiar
  3747 | D:3      | Learned a level 4 spell: Airstrike
  3759 | D:4      | Killed an ogre
  3897 | D:4      | Reached XP level 6. HP: 34/34 MP: 4/14
  3945 | D:4      | Found a burning altar of Makhleb.
  4666 | D:4      | Reached skill level 5 in Spellcasting
  4916 | D:4      | Found a hazy altar of Hepliaklqana.
  5073 | D:4      | Reached XP level 7. HP: 18/37 MP: 11/16
  5311 | D:4      | Found a basalt altar of Yredelemnul.
  5537 | D:5      | Entered Level 5 of the Dungeon
  5551 | D:4      | Reached skill level 5 in Dodging
  5662 | D:5      | Identified the +1 scale mail "Onuahof" {Rampage *Corrode
                  | rPois Dex+3}
  5695 | D:5      | Found a sand-covered staircase.
  5703 | Ossuary  | Entered an ossuary
  5730 | Ossuary  | Reached XP level 8. HP: 37/45 MP: 16/18
  5761 | Ossuary  | Reached skill level 6 in Spellcasting
  6367 | Ossuary  | Reached skill level 5 in Air Magic
  7323 | D:5      | Identified the +4 rapier "Mibupt" {flame, rN+ Str+5 Dex+4}
  7479 | D:5      | Found a bloodstained altar of Trog.
  7541 | D:5      | Reached skill level 7 in Spellcasting
  7725 | D:5      | Found a snail-covered altar of Cheibriados.
  8068 | D:5      | Reached XP level 9. HP: 46/51 MP: 12/21
  8213 | D:6      | Reached skill level 5 in Summonings
  8768 | D:6      | Found a radiant altar of Vehumet.
  9330 | D:7      | Found a staircase to the Ecumenical Temple.
  9384 | Temple   | Entered the Ecumenical Temple
  9538 | Temple   | Became a worshipper of Sif Muna the Loreminder
  9812 | D:7      | Found an ancient bone altar of Kikubaaqudgha.
  9979 | D:7      | Learned a level 4 spell: Summon Lightning Spire
  9990 | D:7      | Reached skill level 1 in Invocations
 10114 | D:7      | Identified a scroll of acquirement
 10114 | D:7      | Acquired 313 gold pieces
 10323 | D:7      | Reached skill level 8 in Spellcasting
 10628 | D:8      | Reached * piety under Sif Muna
 10651 | D:8      | Noticed a two-headed ogre
 10757 | D:8      | Killed a two-headed ogre
 10758 | D:8      | Reached XP level 10. HP: 50/58 MP: 9/24
 11005 | D:8      | Found an ornate altar of the Wu Jian Council.
 11010 | D:8      | Found a stormy altar of Qazlal.
 11011 | D:8      | Found a shimmering altar of Xom.
 11765 | D:9      | Found a staircase to the Lair.
 11767 | D:9      | Noticed a death yak
 11767 | D:9      | Noticed a death yak
 11767 | D:9      | Noticed a death yak
 12048 | D:8      | Killed a death yak
 12049 | D:8      | Reached skill level 1 in Shields
 12473 | D:9      | Killed a death yak
 12484 | D:9      | Killed a death yak
 12650 | D:9      | Identified the +8 spear "Rishreg" {vorpal, rC+ Stlth+}
 12657 | D:9      | Reached skill level 5 in Fighting
 12780 | D:9      | Found a staircase to the Orcish Mines.
 12997 | D:9      | Reached skill level 5 in Armour
 12997 | D:9      | Reached skill level 9 in Spellcasting
 13263 | Lair:1   | Entered Level 1 of the Lair of Beasts
 13400 | Lair:1   | Learned a level 3 spell: Swiftness
 13406 | Lair:1   | Learned a level 5 spell: Lightning Bolt
 13535 | Lair:1   | Noticed an oklob plant
 13549 | Lair:1   | Killed an oklob plant
 13550 | Lair:1   | Noticed an oklob plant
 13550 | Lair:1   | Noticed an oklob plant
 13931 | Lair:1   | Killed an oklob plant
 14159 | Lair:1   | Killed an oklob plant
 14709 | Lair:2   | Noticed a torpor snail
 14725 | Lair:2   | Killed a torpor snail
 14755 | Lair:2   | Reached XP level 11. HP: 27/64 MP: 14/26
 14852 | Lair:2   | Found a frozen archway.
 14862 | Lair:2   | Reached ** piety under Sif Muna
 14874 | IceCv    | Entered an ice cave
 15054 | IceCv    | Noticed a white ugly thing
 15082 | IceCv    | Killed a white ugly thing
 17025 | Lair:2   | Found the +8 whip "Snakebite" {curare, rPois}
 17389 | Lair:2   | Noticed Fannar
 17396 | Lair:2   | Killed Fannar
 17397 | Lair:2   | Reached skill level 5 in Invocations
 17442 | Lair:2   | Reached skill level 10 in Spellcasting
 18356 | Lair:2   | Noticed a seven-headed hydra
 18370 | Lair:2   | Noticed a four-headed hydra
 18393 | Lair:1   | HP: 1/64 [seven-headed hydra (5)]
 18393 | Lair:1   | Killed a seven-headed hydra
 18914 | Lair:2   | Learned a level 4 spell: Summon Ice Beast
 18932 | Lair:2   | Found a staircase to the Swamp.
 19323 | Lair:3   | Upgraded the game from 0.27-a0-1177-g245c70e1c0 to
                  | 0.27-a0-1181-g5f64966fcc
 19348 | Lair:3   | Found a staircase to the Snake Pit.
 19458 | Lair:3   | Noticed an oklob plant
 19471 | Lair:3   | Noticed a boulder beetle
 19487 | Lair:3   | Killed a boulder beetle
 19912 | Lair:3   | You fall into a shaft and drop 2 floors!
 20117 | Lair:4   | Reached XP level 12. HP: 71/71 MP: 19/28
 20122 | Lair:4   | Reached *** piety under Sif Muna
 20297 | Lair:4   | Noticed an eight-headed hydra
 20310 | Lair:4   | Killed an eight-headed hydra
 20448 | Lair:3   | Found an iron altar of Okawaru.
 20622 | Lair:3   | Noticed a six-headed hydra
 20628 | Lair:3   | Killed a six-headed hydra
 20997 | Lair:3   | Identified the +3 scale mail "Xoxty" {Will- Str+9 Stlth+}
 22256 | Lair:5   | Noticed a six-headed hydra
 22268 | Lair:5   | Killed a six-headed hydra
 22269 | Lair:5   | Reached skill level 10 in Dodging
 22337 | Lair:5   | Reached skill level 11 in Spellcasting
 22407 | Lair:5   | Noticed a four-headed hydra
 22421 | Lair:5   | Killed a four-headed hydra
 22657 | Lair:5   | Identified the +11 falchion of Honour {vamp, rF+ SInv
                  | Stlth+}
 23025 | Lair:6   | Entered Level 6 of the Lair of Beasts
 23167 | Lair:6   | Reached **** piety under Sif Muna
 23300 | Lair:6   | Found a staircase to the Slime Pits.
 23300 | Lair:6   | Noticed a five-headed hydra
 23302 | Lair:6   | Noticed a five-headed hydra
 23309 | Lair:6   | Found a viscous altar of Jiyva.
 23313 | Lair:6   | Killed a five-headed hydra
 23325 | Lair:6   | Killed a five-headed hydra
 23326 | Lair:6   | Reached skill level 1 in Ice Magic
 23792 | Lair:6   | Noticed a death yak
 23792 | Lair:6   | Noticed a dire elephant
 23805 | Lair:6   | Killed a death yak
 24186 | Lair:6   | Noticed a death yak
 24206 | Lair:6   | Killed a death yak
 24852 | Lair:6   | Noticed a death yak
 24861 | Lair:6   | Killed a death yak
 25441 | Lair:6   | Reached XP level 13. HP: 27/76 MP: 23/30
 26665 | Lair:6   | Reached ***** piety under Sif Muna
 26669 | Lair:6   | Killed a dire elephant
 26672 | Lair:6   | Mangled by a dire elephant simulacrum

Illustrated notes

Levels and vault maps discovered:
D:1:      dpeg_arrival_pond, layout_rooms,
          shapermc_ecumenical_altar_starsandcircs
D:2:      layout_loops_cross, serial_shops, shop, minmay_pentomino_w2,
          uniq_crazy_yiuf_cottage, uniq_jessica
D:3:      layout_rooms, general_overflow_altar, lemuel_doored_altar,
          chequers_serial_rivers_room_b, minmay_surrounded, uniq_robin
D:4:      layout_cave_pools, lemuel_mausoleum_altar_yredelemnul,
          makhleb_heckhound_becter, lemuel_coloured_pillars_altar, serial_park,
          serial_park_avenue1
D:5:      layout_cave_pods, cheibrodos_worm_habitat, bloody_trog,
          enter_ossuary_4, hangedman_decor_growths
D:6:      layout_basic, old_standard_altar, kennysheep_donut
D:7:      layout_rooms, kennysheep_vampire_church, minmay_temple_entry_junction,
          minmay_misc_feat_nine_boxes
D:8:      layout_cave_pools, grunt_temple_overflow_open, dk_noncrumbling_2
D:9:      layout_basic, dpeg_lair_monsters, david_orc_1_choice,
          evilmike_butchery
Temple:   nicolae_temple_figure_zero
Lair:1:   dpeg_oklob_gauntlet, layout_regular_city, infiniplex_staircase_pool,
          lemuel_fruit_tree
Lair:2:   minmay_guarded_unrand_snakebite, layout_cellular_growth,
          palyth_hydra_swamp_entry, portal_ice_cave_rime, uniq_fannar
Lair:3:   layout_cellular_growth, guppyfry_snake_entry_garden, basic_altar,
          nicolae_quartered_pool_medium, st_stairs_8, nzn_sisyphean_effort,
          infiniplex_staircase_pool_2
Lair:4:   layout_loops_ring, grunt_megastairs_3
Lair:5:   layout_regular_city
Lair:6:   due_jungle_book, layout_gridlike, slime_altar_1, grunt_megastairs_5,
          serial_bayou_shore_a

Skill      XL: |  1  2  3  4  5  6  7  8  9 10 11 12 13 |
---------------+----------------------------------------+-----
Dodging        | 3 4 5 6 7 8 9 10 | 10.8
Conjurations   | 2 3 |  3.7
Armour         | 1 2 3 4 5 |  5.0
Summonings     | 1 2 3 4 6 7 8 9 |  9.5
Fighting       | 1 2 3 4 5 6 7 |  7.4
Spellcasting   | 4 5 7 8 9 10 11 | 11.7
Air Magic      | 4 5 6 7 8 9 |  9.4
Invocations    | 2 4 6 7 |  7.8
Shields        | 2 4 |  4.0
Ice Magic      | 2 3 |  3.0
Stealth        | |  2.4

Action                   |  1- 3 |  4- 6 |  7- 9 | 10-12 | 13-15 || total
-------------------------+-------+-------+-------+-------+-------++-------
Melee: Unarmed           |     4 |       |       |       |       ||     4
       Short sword       |       |    27 |       |       |       ||    27
       Demon trident     |       |    48 |   179 |       |       ||   227
       Rapier            |       |       |   117 |    85 |       ||   202
       Whip              |       |       |       |   276 |    35 ||   311
       Spear             |       |       |       |   106 |       ||   106
 Cast: Shock             |    51 |   102 |    80 |    48 |       ||   281
       Static Discharge  |     2 |     6 |     2 |       |       ||    10
       Call Imp          |       |    20 |    66 |    45 |       ||   131
       Airstrike         |       |       |    10 |     5 |       ||    15
       Call Canine Famil |       |       |    29 |    82 |     8 ||   119
       Summon Lightning  |       |       |       |   107 |    14 ||   121
       Summon Ice Beast  |       |       |       |    34 |    11 ||    45
Evoke: Wand              |       |       |       |     4 |       ||     4
  Use: Scroll            |       |     7 |    10 |    12 |       ||    29
       Potion            |       |       |     1 |       |       ||     1
 Stab: Sleeping          |       |     1 |     8 |       |       ||     9
       Distracted        |       |       |     8 |    10 |     1 ||    19
Armor: Leather armour    |     5 |    27 |    94 |       |       ||   126
       Steam dragon scal |       |       |    18 |   118 |    13 ||   149
Dodge: Dodged            |    10 |    67 |   258 |   286 |    26 ||   647
Block: Other             |       |       |    33 |    23 |       ||    56
       Reflection        |       |       |     1 |     3 |       ||     4
       Buckler           |       |       |       |   170 |    16 ||   186

Table legend: (Time is in decaauts)
 A = Elapsed time spent in this place.
 B = Non-inter-level travel time spent in this place.
 C = Inter-level travel time spent in this place.
 D = Time resting spent in this place.
 E = Time spent auto-exploring this place.
 F = Levels seen in this place.
 G = Mean time per level.
                   A        B        C        D        E       F      G
               +--------+--------+--------+--------+--------+-----+--------+
         Total |  26891 |  25938 |    953 |  10624 |   8978 |  18 | 1493.9 |
       Dungeon |  11951 |  11369 |    582 |   3867 |   4782 |   9 | 1327.9 |
        Temple |    167 |    167 |      0 |      0 |    111 |   1 |  167.0 |
          Lair |  12012 |  11641 |    371 |   5016 |   3891 |   6 | 2002.0 |
       Ossuary |   1317 |   1317 |      0 |    697 |    193 |   1 | 1317.0 |
      Ice Cave |   1442 |   1442 |      0 |   1044 |      0 |   1 | 1442.0 |
               +--------+--------+--------+--------+--------+-----+--------+

Top non-repeatable levels by time:
  Lair:6: 3674 daAuts
  Lair:2: 2559 daAuts
  Lair:3: 1914 daAuts
     D:4: 1810 daAuts
  Lair:1: 1747 daAuts
     D:2: 1732 daAuts
     D:9: 1645 daAuts
   IceCv: 1442 daAuts
     D:6: 1321 daAuts
 Ossuary: 1317 daAuts
     D:5: 1227 daAuts
     D:7: 1169 daAuts
  Lair:4: 1134 daAuts
     D:3: 1114 daAuts
     D:1: 1030 daAuts
